 Dungeon Crawl Stone Soup version 0.28.0-45-g0d030f2227 (webtiles) character file.

Game seed: 984940116950339640

44 101zpm the Caller (level 3, 0/20 HPs)
             Began as a Kobold Summoner on Apr 20, 2022.
             Was a Follower of Sif Muna.
             Slain by Natasha (9 damage)
             ... on level 2 of the Dungeon.
             The game lasted 00:02:18 (3062 turns).

101zpm the Caller (Kobold Summoner)                 Turns: 3062, Time: 00:02:18

Health: 0/20       AC:  2    Str:  5    XL:     3   Next: 87%
Magic:  4/6        EV: 15    Int: 18    God:    Sif Muna [*.....]
Gold:   38         SH:  0    Dex: 15    Spells: 5/6 levels left

rFire   . . .      SeeInvis .   d - +1 hand axe (vamp)
rCold   . . .      Faith    .   (no shield)
rNeg    . . .      Spirit   .   a - +0 robe
rPois   .          Reflect  .   (no helmet)
rElec   .          Harm     .   (no cloak)
rCorr   .          Rampage  .   (no gloves)
Will    .....                   (no boots)
Stlth   +++.......              (no amulet)
HPRegen 0.06/turn               (no ring)
MPRegen 0.10/turn               (no ring)

@: no status effects
A: small, no large weapons, nightstalker 3
a: Renounce Religion, Channel Magic


You were on level 2 of the Dungeon.
You worshipped Sif Muna.
Sif Muna was aware of your devotion.
You visited 1 branch of the dungeon, and saw 2 of its levels.

You collected 38 gold pieces.

Inventory:

Hand Weapons
 d - a +1 vampiric hand axe (weapon)
Armour
 a - a +0 robe (worn)
Jewellery
 c - a ring of positive energy
 f - an amulet of guardian spirit
Potions
 b - a potion of cancellation {unknown}
 e - a potion of heal wounds {unknown}
 g - a potion of flight {unknown}


   Skills:
 + Level 0.3 Fighting
 + Level 0.3 Axes
 + Level 2.5 Dodging
 + Level 3.4 Stealth
 + Level 0.2 Unarmed Combat
 + Level 2.4 Spellcasting
 + Level 4.6 Summonings


You had 5 spell levels left.
You knew the following spells:

 Your Spells              Type           Power      Damage    Failure   Level
a - Summon Small Mammal   Summ           72%        N/A       2%          1

Your spell library contained the following spells:

 Spells                   Type           Power      Damage    Failure   Level
 Call Imp                 Summ           18%        N/A       3%          2
 Call Canine Familiar     Summ           18%        N/A       8%          3
 Summon Guardian Golem    Hex/Summ       10%        N/A       21%         3
 Summon Lightning Spire   Summ/Air       10%        N/A       54%         4


Dungeon Overview and Level Annotations

Branches:
Dungeon (2/15)

Altars:
Sif Muna

Annotations:
D:2 Natasha


Innate Abilities, Weirdness & Mutations

You are small and have problems with some larger weapons.
You are completely attuned to the shadows.


Message History

No target in view!
Magic restored.
Your bat disappears in a puff of smoke!
Your quokka disappears in a puff of smoke!
HP restored.
f - an amulet of guardian spirit
Found a chain mail.
There is an open door here.
You see here a +0 chain mail.
You now have 38 gold pieces (gained 8).
There is an open door here.
Found a stone staircase leading down.
Found a club.
Found 6 boomerangs.
g - a fuming orange potion Natasha, Servant of Life and Death comes into view.
She is carrying a wand of flame (17).
Natasha is nearby!
Natasha is nearby!
You barely miss Natasha.
Natasha hisses angrily.
Natasha claws you.
Casting: Summon Small Mammal (safe; 2% risk of failure)
Press: ? - help, Q - select action, (/) - cycle Dir - look around, f - activate Natasha casts a spell at you.
You resist with significant effort.
Casting: Summon Small Mammal (safe; 2% risk of failure)
Press: ? - help, Q - select action, (/) - cycle Dir - look around, f - activate Natasha closely misses you.
You hit Natasha but do no damage.
Your bat hits Natasha but does no damage.
Natasha misses you.
You hit Natasha.
Natasha is lightly wounded.
Your bat hits Natasha but does no damage.
Natasha stares at you and mumbles some strange words.
The magic dart hits you!
Ouch! That really hurt!
Your bat hits Natasha but does no damage.
Your quokka barely misses Natasha.
Natasha claws you!
You die...

#...###.#
#.......#
###.......#
..........#
..rb@.....###'
...h##........
.... #........
.... #........
#. ....
##........# #.
#........## #.
##......).####.
#..............
#......>.......


You could see Natasha (ally target), a friendly quokka (summoned) and a friendly
bat (summoned).

Vanquished Creatures
  Natasha (D:2)
  A worm (D:2)
  2 goblins
  3 bats (D:1)
  A frilled lizard (D:1)
8 creatures vanquished.

Vanquished Creatures (collateral kills)
  A bat (D:2)
  2 endoplasms
  A goblin (D:2)
  A hobgoblin (D:1)
  A quokka (D:2)
  2 frilled lizards (D:1)
  2 kobolds (D:1)
10 creatures vanquished.

Grand Total: 18 creatures vanquished

Notes
Turn   | Place    | Note
-------+----------+-------------------------------------------
     0 | D:1      | 101zpm the Kobold Summoner began the quest for the Orb.
     0 | D:1      | Reached XP level 1. HP: 10/10 MP: 3/3
   419 | D:1      | Found a faded altar of an unknown god.
   641 | D:1      | Reached XP level 2. HP: 4/15 MP: 5/5
  1911 | D:1      | Prayed at the altar of an unknown god.
  1911 | D:1      | Became a worshipper of Sif Muna the Loreminder
  1911 | D:1      | Reached * piety under Sif Muna
  2006 | D:2      | Noticed Natasha
  2016 | D:2      | Noticed a crimson imp
  2016 | D:2      | Killed Natasha
  2017 | D:2      | Reached XP level 3. HP: 19/19 MP: 4/6
  3057 | D:2      | Noticed Natasha
  3062 | D:2      | Slain by Natasha

Illustrated notes

Levels and vault maps discovered:
D:1:      roderic_crop_circles_arrival_small, layout_loops_ring,
          basic_ecumenical_altar
D:2:      layout_basic, uniq_natasha

Skill      XL: |  1  2 |
---------------+-------+-----
Stealth        | 3 |  3.4
Fighting       | |  0.3
Axes           | |  0.3
Dodging        | |  2.5
Unarmed Combat | |  0.2
Spellcasting   | |  2.4
Summonings     | |  4.6

Action                   || total
-------------------------++-------
Melee: Unarmed           ||    17
       Punch             ||     1
       Hand axe          ||    36
 Cast: Summon Small Mamm ||    18
 Stab: Sleeping          ||     4
Armor: Robe              ||     9
Dodge: Dodged            ||    44
